 Dungeon Crawl Stone Soup version 0.30-a0-335-ge5acde7520 (webtiles) character file.

Game seed: 13605594011346702095

198 Lanoc the Chopper (level 5, -4/43 HPs)
             Began as a Gnoll Reaver on Oct 30, 2022.
             Was a Follower of Ru.
             Slain by Pikel
             ... wielding a +0 whip of freezing
              (6 damage)
             ... on level 5 of the Dungeon.
             The game lasted 00:06:08 (3964 turns).

Lanoc the Chopper (Gnoll Reaver)                    Turns: 3964, Time: 00:06:09

Health: -4/43      AC:  7    Str: 12    XL:     5   Next: 76%
Magic:  8/12       EV: 12    Int: 20    God:    Ru [*.....]
Gold:   350        SH:  0    Dex: 10    Spells: 11/14 levels left

rFire   . . .      SeeInvis .    s - +3 quarterstaff (chaos)
rCold   . . .      Faith    +    (shield currently unavailable)
rNeg    . . .      Spirit   .    b - +0 leather armour
rPois   .          Reflect  .    B - +0 helmet
rElec   .          Harm     .    t - +2 cloak {Stlth+}
rCorr   +          Rampage  .    (no gloves)
Will    .....                    (no boots)
Stlth   ++........               a - amulet of faith
HPRegen 0.27/turn                g - +6 ring of intelligence
MPRegen 0.13/turn                u - ring of resist corrosion

@: immotile, very slightly contaminated, unable to read
A: fangs 1, inability to read after injury 2, strong nose, distributed training
a: Renounce Religion


You were on level 5 of the Dungeon.
You worshipped Ru.
Ru was aware of your devotion.
You visited 1 branch of the dungeon, and saw 5 of its levels.

You collected 350 gold pieces.

Inventory:

Hand Weapons
 s - a +3 quarterstaff of chaos (weapon)
Missiles
 r - 3 datura-tipped darts
Armour
 b - a +0 leather armour (worn)
 t - a +2 cloak of stealth (worn)
 B - a +0 helmet (worn)
Jewellery
 a - an amulet of faith (around neck)
 g - a +6 ring of intelligence (left hand)
 u - a ring of resist corrosion (right hand)
 v - an amulet of guardian spirit
 y - an amulet of regeneration
 z - a ring of flight
Wands
 w - a wand of charming (2)
Scrolls
 d - a scroll of noise {unknown}
 e - 6 scrolls of identify {unknown}
 f - 2 scrolls of vulnerability {unknown}
 h - a scroll of blinking {unknown}
 i - 2 scrolls of butterflies {unknown}
 j - a scroll of enchant armour {unknown}
 n - 2 scrolls of amnesia {unknown}
 o - 3 scrolls of teleportation {unknown}
Potions
 c - a potion of ambrosia {unknown}
 k - a potion of degeneration {unknown}
 l - a potion of flight {unknown}
 m - 2 potions of mutation {unknown}
 p - 3 potions of resistance {unknown}
 q - 2 potions of heal wounds {unknown}
 x - a potion of haste {unknown}
 A - a potion of brilliance {unknown}
 C - a potion of berserk rage {unknown}
 D - a potion of attraction {unknown}


   Skills:
 + Level 4.9 Fighting
 + Level 1.7 Short Blades
 + Level 1.7 Long Blades
 + Level 6.7 Axes
 + Level 1.7 Maces & Flails
 + Level 1.7 Polearms
 + Level 1.7 Staves
 + Level 1.7 Ranged Weapons
 + Level 1.7 Throwing
 + Level 1.7 Armour
 + Level 4.9 Dodging
 + Level 1.7 Stealth
 + Level 1.7 Shields
 + Level 1.7 Unarmed Combat
 + Level 5.2 Spellcasting
 + Level 5.6 Conjurations
 + Level 1.3 Hexes
 + Level 1.3 Summonings
 + Level 1.3 Necromancy
 + Level 1.3 Translocations
 + Level 1.3 Transmutations
 + Level 1.3 Fire Magic
 + Level 1.3 Ice Magic
 + Level 1.3 Air Magic
 + Level 1.3 Earth Magic
 + Level 1.3 Poison Magic
 + Level 1.9 Invocations
 + Level 1.7 Evocations


You had 11 spell levels left.
You knew the following spells:

 Your Spells              Type           Power      Damage    Failure   Level
a - Kiss of Death         Conj/Necr      76%        2d11      3%          1
b - Momentum Strike       Conj/Tloc      38%        3d9       5%          2

Your spell library contained the following spells:

 Spells                   Type           Power      Damage    Failure   Level
 Hailstorm                Conj/Ice       19%        3d6       11%         3
 Ozocubu's Armour         Ice            10%        N/A       24%         3
 Ozocubu's Refrigeration  Ice            5%         4d8       100%        7


Dungeon Overview and Level Annotations

Branches:
Dungeon (5/15)
 Temple: D:4-7

Altars:
Gozag
Ru

Annotations:
D:5 Pikel


Innate Abilities, Weirdness & Mutations

You have very sharp teeth.
You sometimes lose the ability to read scrolls when taking damage.
Your uncanny sense of smell can sniff out nearby items.
Your experience applies equally to all skills.


Message History

Aim: Pikel, wielding a +0 whip of freezing and wearing a +0 robe (moderately wounded, fast, 64% to hit)
You miscast Momentum Strike.
You are very lightly contaminated with residual magic.
Nothing appears to happen.
Pikel hits you but does no damage.
Casting: Momentum Strike (safe; 5% risk of failure)
Confirm with . or Enter, or press ? or * to list all spells.
Aiming: Momentum Strike (safe; 5% risk of failure)
Press: ? - help, Dir - move target, f/p - Pikel
Aim: Pikel, wielding a +0 whip of freezing and wearing a +0 robe (moderately wounded, fast, 64% to hit)
The concentrated momentum hits Pikel!
You are unable to move.
Pikel hits you with a +0 whip of freezing.
Pikel freezes you. Pikel hits you but does no damage.
You sock Pikel!
Pikel suddenly seems more agile.
Pikel is severely wounded.
Pikel closely misses you.
Pikel says, "You'll make a fine lemure."
Pikel hits you with a +0 whip of freezing.
Pikel freezes you.
You barely miss Pikel.
Pikel is severely wounded.
Pikel completely misses you.
You hit Pikel. You freeze Pikel. You bite Pikel, but do no damage.
Pikel is almost dead.
You can read scrolls again.
Pikel hits you with a +0 whip of freezing.
Pikel freezes you.
* * * LOW HITPOINT WARNING * * *
Pikel hits you with a +0 whip of freezing.
* * * LOW HITPOINT WARNING * * *
Pikel freezes you.
* * * LOW HITPOINT WARNING * * *
You hit Pikel. You drain Pikel. Your bite misses Pikel.
Pikel is almost dead.
Pikel hits you with a +0 whip of freezing.
You feel threatened and lose the ability to read scrolls!
* * * LOW HITPOINT WARNING * * *
Pikel freezes you.
* * * LOW HITPOINT WARNING * * *
Pikel hits you with a +0 whip of freezing.
You die...

#### +....... ∆
#....... #####.....
+...'..... #
#####...###... #.
+.#.......#...
#+#.#####.#'#...#+#...
#.....#.....#...# ...
#....@K.....##+## ...
#.....#.....# #
#+#.#####.#+# #. +.# #
### ∆


You could see Pikel (fast, agile, drained).

Vanquished Creatures
  A lemure (D:5)
  A scorpion (D:5)
  Crazy Yiuf (D:2)
  2 iguanas (D:4)
  6 adders
  A white imp (D:4)
  A worm (D:2)
  3 dart slugs
  5 orcs
  7 endoplasms
  9 hobgoblins
  4 jackals (D:4)
  7 kobolds
  A quokka (D:3)
  6 ball pythons
  7 bats
  A frilled lizard (D:3)
  6 goblins
  8 rats
77 creatures vanquished.

Vanquished Creatures (others)
  A lemure (D:5)
  A hound (D:4)
  An iguana (D:5)
  An adder (D:4)
  A white imp (D:5)
  A goblin (D:4)
  A hobgoblin (D:4)
  A quokka (D:4)
  A ball python (D:4)
  2 kobolds (D:4)
11 creatures vanquished.

Grand Total: 88 creatures vanquished

Notes
Turn   | Place    | Note
-------+----------+-------------------------------------------
     0 | D:1      | Lanoc the Gnoll Reaver began the quest for the Orb.
     0 | D:1      | Reached XP level 1. HP: 20/20 MP: 6/6
   153 | D:1      | Reached XP level 2. HP: 26/26 MP: 7/7
   440 | D:1      | Reached skill level 5 in Spellcasting
   440 | D:1      | Reached XP level 3. HP: 22/31 MP: 7/9
  1012 | D:1      | Reached skill level 1 in Invocations
  1279 | D:2      | Reached skill level 1 in Short Blades
  1279 | D:2      | Reached skill level 1 in Long Blades
  1279 | D:2      | Reached skill level 1 in Maces & Flails
  1279 | D:2      | Reached skill level 1 in Polearms
  1279 | D:2      | Reached skill level 1 in Staves
  1279 | D:2      | Reached skill level 1 in Ranged Weapons
  1279 | D:2      | Reached skill level 1 in Throwing
  1279 | D:2      | Reached skill level 1 in Armour
  1279 | D:2      | Reached skill level 1 in Stealth
  1279 | D:2      | Reached skill level 1 in Shields
  1279 | D:2      | Reached skill level 1 in Unarmed Combat
  1279 | D:2      | Reached skill level 1 in Evocations
  1384 | D:2      | Reached XP level 4. HP: 24/38 MP: 11/11
  1453 | D:2      | Found a faded altar of an unknown god.
  1591 | D:2      | Prayed at the altar of an unknown god.
  1591 | D:2      | Became a worshipper of Ru the Awakened
  1606 | D:2      | Gained mutation: You occasionally lose the ability to read
                  | scrolls when taking damage. [Ru sacrifice]
  1606 | D:2      | Gained mutation: You sometimes lose the ability to read
                  | scrolls when taking damage. [Ru sacrifice]
  1606 | D:2      | Reached * piety under Ru
  1643 | D:2      | Found a runed translucent door.
  1644 | D:2      | Noticed Crazy Yiuf
  1681 | D:2      | Reached skill level 1 in Hexes
  1681 | D:2      | Reached skill level 1 in Summonings
  1681 | D:2      | Reached skill level 1 in Necromancy
  1681 | D:2      | Reached skill level 1 in Translocations
  1681 | D:2      | Reached skill level 1 in Transmutations
  1681 | D:2      | Reached skill level 1 in Fire Magic
  1681 | D:2      | Reached skill level 1 in Ice Magic
  1681 | D:2      | Reached skill level 1 in Air Magic
  1681 | D:2      | Reached skill level 1 in Earth Magic
  1681 | D:2      | Reached skill level 1 in Poison Magic
  1996 | D:2      | Killed Crazy Yiuf
  2054 | D:3      | Reached XP level 5. HP: 39/39 MP: 12/12
  2314 | D:3      | Found an opulent altar of Gozag.
  2414 | D:3      | Learned a level 2 spell: Momentum Strike
  3604 | D:5      | Entered Level 5 of the Dungeon
  3917 | D:5      | Noticed a lemure
  3917 | D:5      | Noticed a lemure
  3918 | D:5      | Noticed Pikel
  3928 | D:5      | Noticed a lemure
  3929 | D:5      | Noticed a lemure
  3933 | D:5      | Killed a lemure
  3964 | D:5      | HP: 2/43 [Pikel/+0 whip of freezing (2)]
  3964 | D:5      | Slain by Pikel

Illustrated notes

Levels and vault maps discovered:
D:1:      scummos_arrival_hexagon, layout_basic, kennysheep_decorative_pillar
D:2:      layout_rooms, hellmonk_ecumenical_altar_leap_of_faith,
          uniq_crazy_yiuf_cottage
D:3:      layout_rooms, mainiacjoe_overflow_paths
D:4:      layout_gridville
D:5:      nicolae_cairo_tiling_large, layout_rooms, uniq_pikel

Skill      XL: |  1  2  3  4 |
---------------+-------------+-----
Spellcasting   | 5 |  5.2
Invocations    | 1 |  1.9
Short Blades   | 1 |  1.7
Long Blades    | 1 |  1.7
Maces & Flails | 1 |  1.7
Polearms       | 1 |  1.7
Staves         | 1 |  1.7
Ranged Weapons | 1 |  1.7
Throwing       | 1 |  1.7
Armour         | 1 |  1.7
Stealth        | 1 |  1.7
Shields        | 1 |  1.7
Unarmed Combat | 1 |  1.7
Evocations     | 1 |  1.7
Hexes          | 1 |  1.3
Summonings     | 1 |  1.3
Necromancy     | 1 |  1.3
Translocations | 1 |  1.3
Transmutations | 1 |  1.3
Fire Magic     | 1 |  1.3
Ice Magic      | 1 |  1.3
Air Magic      | 1 |  1.3
Earth Magic    | 1 |  1.3
Poison Magic   | 1 |  1.3
Fighting       | |  4.9
Axes           | |  6.7
Dodging        | |  4.9
Conjurations   | |  5.6

Action                   |  1- 3 |  4- 6 || total
-------------------------+-------+-------++-------
Melee: Hand axe          |   124 |    27 ||   151
       Bite              |    17 |     9 ||    26
       Punch             |     2 |       ||     2
       Quarterstaff      |       |    87 ||    87
 Cast: Kiss of Death     |       |     1 ||     1
       Momentum Strike   |       |    15 ||    15
Invok: Sacrifice Words   |       |     1 ||     1
Evoke: Wand              |       |     2 ||     2
 Stab: Sleeping          |     1 |     3 ||     4
Armor: Leather armour    |    36 |    46 ||    82
Dodge: Dodged            |    74 |    73 ||   147

Table legend: (Time is in decaauts)
 A = Elapsed time spent in this place.
 B = Non-inter-level travel time spent in this place.
 C = Inter-level travel time spent in this place.
 D = Time resting spent in this place.
 E = Time spent auto-exploring this place.
 F = Levels seen in this place.
 G = Mean time per level.
                   A        B        C        D        E       F      G
               +--------+--------+--------+--------+--------+-----+--------+
         Total |   3977 |   3840 |    137 |      0 |   3154 |   5 |  795.4 |
       Dungeon |   3977 |   3840 |    137 |      0 |   3154 |   5 |  795.4 |
               +--------+--------+--------+--------+--------+-----+--------+

Top non-repeatable levels by time:
     D:4: 1184 daAuts
     D:1: 1175 daAuts
     D:2: 868 daAuts
     D:3: 383 daAuts
     D:5: 365 daAuts
